 Dungeon Crawl Stone Soup version 0.27-a0-216-g1fbed8a51c (webtiles) character file.

Game seed: 16902865499812324562

9 iamserjio the Skirmisher (level 2, 0/29 HPs)
             Began as a Gnoll Abyssal Knight on Jan 31, 2021.
             Was a Follower of Lugonu.
             Slain by a worker ant (7 damage)
             ... on level 3 of the Dungeon.
             The game lasted 00:00:50 (155 turns).

iamserjio the Skirmisher (Gnoll Abyssal Knight)      Turns: 155, Time: 00:00:51

Health: 0/29       AC:  6    Str: 11    XL:     2   Next: 12%
Magic:  5/5        EV: 11    Int: 11    God:    Lugonu [*.....]
Gold:   6          SH:  0    Dex: 11    Spells: 1/1 levels left

rFire    . . .     SeeInvis .   a - +1 falchion
rCold    . . .     Faith    .   (no shield)
rNeg     . . .     Spirit   .   f - +0 ring mail
rPois    .         Reflect  .   (no helmet)
rElec    .         Harm     .   (no cloak)
rCorr    .         Rampage  .   (no gloves)
Will     .....                  (no boots)
Stlth    +.........             (no amulet)
HPRegen  0.09/turn              (no ring)
MPRegen  0.09/turn              (no ring)

@: brilliant, lethally poisoned (0 -> -8)
A: distributed training, fangs 1, strong nose
a: Renounce Religion, Depart the Abyss


You were on level 3 of the Dungeon.
You worshipped Lugonu.
Lugonu was aware of your devotion.
You visited 1 branch of the dungeon, and saw 3 of its levels.
You visited the Abyss 1 time.

You collected 6 gold pieces.

Inventory:

Hand Weapons
 a - a +1 falchion (weapon)
Armour
 b - a +0 leather armour
 f - a +0 ring mail (worn)
Scrolls
 c - 2 scrolls of identify {unknown}
 e - a scroll of amnesia {unknown}
Potions
 g - a potion of haste {unknown}


   Skills:
 + Level 6.4 Fighting
 + Level 0.3 Short Blades
 + Level 4.4 Long Blades
 + Level 0.3 Axes
 + Level 0.3 Maces & Flails
 + Level 0.3 Polearms
 + Level 0.3 Staves
 + Level 0.3 Slings
 + Level 0.3 Bows
 + Level 0.3 Crossbows
 + Level 0.3 Throwing
 + Level 4.4 Armour
 + Level 2.4 Dodging
 + Level 0.3 Stealth
 + Level 0.3 Shields
 + Level 0.3 Unarmed Combat
 + Level 0.3 Spellcasting
 + Level 0.2 Conjurations
 + Level 0.2 Hexes
 + Level 0.2 Summonings
 + Level 0.2 Necromancy
 + Level 0.2 Translocations
 + Level 0.2 Transmutations
 + Level 0.2 Fire Magic
 + Level 0.2 Ice Magic
 + Level 0.2 Air Magic
 + Level 0.2 Earth Magic
 + Level 0.2 Poison Magic
 + Level 4.5 Invocations
 + Level 0.3 Evocations


You had one spell level left.
You didn't know any spells.
Your spell library was empty.

Dungeon Overview and Level Annotations

Branches:
Dungeon (3/15)

Altars:


Innate Abilities, Weirdness & Mutations

Your experience applies equally to all skills.
You have very sharp teeth.
Your uncanny sense of smell can sniff out nearby items.


Message History

You hit the worker ant but do no damage.
You bite the worker ant, but do no damage.
The worker ant bites you.
You closely miss the worker ant.
You feel sick. The worker ant bites you.
You are lethally poisoned!
The worker ant poisons you! The worker ant barely misses you.
You riposte.
You hit the worker ant but do no damage.
Your bite misses the worker ant.
You hit the worker ant but do no damage.
You feel sick.
The worker ant bites you but does no damage.
You hit the worker ant.
* * * LOW HITPOINT WARNING * * *
You feel sick. The worker ant misses you.
You hit the worker ant. The worker ant completely misses you.
It was a potion of brilliance.
You feel clever all of a sudden.
* * * LOW HITPOINT WARNING * * *
You feel sick. The worker ant bites you!
You die...

# ###.####
..∆...#
##.##.#########
#....bB@.......
###.###g###.####.
.......<.# ..
.#.#.#.#.## ##
.......g.#
#.#.#.#.##
........K.
.#.#.#.#.##
........J.


You could see a worker ant, a goblin and a bat.

Vanquished Creatures
  A goblin (D:2)
  A hobgoblin (D:2)
  4 jackals (D:1)
  A bat (D:1)
7 creatures vanquished.

Notes
Turn   | Place    | Note
-------+----------+-------------------------------------------
     0 | Abyss:1  | iamserjio the Gnoll Abyssal Knight began the quest for the
                  | Orb.
     0 | Abyss:1  | Reached XP level 1. HP: 23/23 MP: 3/3
    18 | D:1      | Escaped the Abyss
    96 | D:2      | Reached XP level 2. HP: 25/29 MP: 5/5
   155 | D:3      | Slain by a worker ant

Illustrated notes

Levels and vault maps discovered:
D:1:      eino_arrival_water_star, layout_basic
D:2:      layout_basic, grunt_dithmenos_smoke_and_mirrors,
          general_overflow_altar, serial_bayou_lagoon_b
D:3:      gammafunk_steamed_eel, layout_loops_ring, kennysheep_big_empty_room,
          st_stairs_10, uniq_ijyb

Action                   || total
-------------------------++-------
Melee: Falchion          ||    31
       Bite              ||     3
  Use: Potion            ||     1
Armor: Leather armour    ||     5
       Ring mail         ||     8
Dodge: Dodged            ||    37
       Rpst.: Falchion   ||     8

Table legend: (Time is in decaauts)
 A = Elapsed time spent in this place.
 B = Non-inter-level travel time spent in this place.
 C = Inter-level travel time spent in this place.
 D = Time resting spent in this place.
 E = Time spent auto-exploring this place.
 F = Levels seen in this place.
 G = Mean time per level.
                   A        B        C        D        E       F      G
               +--------+--------+--------+--------+--------+-----+--------+
         Total |    157 |    157 |      0 |      0 |      0 |   4 |   39.2 |
       Dungeon |    139 |    139 |      0 |      0 |      0 |   3 |   46.3 |
         Abyss |     18 |     18 |      0 |      0 |      0 |   1 |   18.0 |
               +--------+--------+--------+--------+--------+-----+--------+

Top non-repeatable levels by time:
     D:1: 71 daAuts
     D:2: 44 daAuts
     D:3: 22 daAuts
 Abyss:1: 18 daAuts
